 Dungeon Crawl Stone Soup version 0.19-a0-1821-g42c593c (webtiles) character file.

163 kae the Shield-Bearer (level 5, -2/43 HPs)
             Began as a Formicid Fighter on Oct 6, 2016.
             Killed by nerve-wracking pain
             ... invoked by Jessica
              (10 damage)
             ... on level 3 of the Dungeon.
             The game lasted 00:01:57 (2219 turns).

kae the Shield-Bearer (Formicid Fighter)            Turns: 2219, Time: 00:01:58

Health: -2/43      AC:  6    Str: 22    XL:     5   Next: 72%
Magic:  5/5        EV:  8    Int:  7    God:
Gold:   102        SH:  9    Dex: 10    Spells: 0 memorised, 4 levels left

rFire  . . .     SeeInvis +     a - +0 long sword
rCold  . . .     Gourm    .     b - +0 scale mail
rNeg   . . .     Faith    .     c - +0 shield
rPois  .         Spirit   .     (helmet unavailable)
rElec  .         Dismiss  .     (no cloak)
rCorr  .         Reflect  .     (no gloves)
MR     .....     Harm     .     (no boots)
Stlth  ..........               (no amulet)
                                (no ring)
                                (no ring)

@: drained
A: permanent stasis, dig shafts and tunnels, four strong arms, antennae 3
a: Dig, Shaft Self


You were on level 3 of the Dungeon.
You were not hungry.

You visited 1 branch of the dungeon, and saw 3 of its levels.

You collected 102 gold pieces.

Inventory:

Hand Weapons
 a - a +0 long sword (weapon)
Armour
 b - a +0 scale mail (worn)
 c - a +0 shield (worn)
Jewellery
 o - an uncursed ring of protection from magic {unknown}
Scrolls
 e - a scroll of immolation {unknown}
 h - a scroll of recharging {unknown}
 j - a scroll of random uselessness {unknown}
 k - a scroll of magic mapping {unknown}
 m - a scroll of identify {unknown}
 p - a scroll of amnesia {unknown}
 r - a scroll of remove curse {unknown}
Potions
 d - 3 potions of might
 g - a potion of haste {unknown}
 l - a potion of magic {unknown}
 s - a potion of degeneration {unknown}
Comestibles
 f - 4 bread rations
 i - 2 fruits
 n - 2 meat rations
 q - a slice of pizza
 t - 2 chunks of flesh


   Skills:
 + Level 4.4(4.3) Fighting
 * Level 4.1(4.0) Long Blades
 - Level 3.2(3.1) Armour
 + Level 4.6(4.4) Shields


You had 4 spell levels left.
You didn't know any spells.

Dungeon Overview and Level Annotations

Branches:
Dungeon (3/15)

Altars:
Fedhas
Kikubaaqudgha
Makhleb
Qazlal
Zin

Annotations:
D:3 Jessica


Innate Abilities, Weirdness & Mutations

You are under a permanent stasis effect.
You can dig through walls and to a lower floor.
Your four strong arms can wield two-handed weapons with a shield.
You have a pair of large antennae on your head. (SInv)


Message History

You kill the goblin!
Okay, then.
Unknown command.
You closely miss Jessica.
Jessica mumbles something strange.
You block Jessica's attack. Jessica hits you.
* * * LOW HITPOINT WARNING * * *
You closely miss Jessica.
Jessica gestures wildly.
You block Jessica's attack. x2
You hit Jessica.
Jessica is heavily wounded.
Jessica barely misses you. You block Jessica's attack.
Your scale mail prevents you from hitting Jessica.
Jessica is heavily wounded.
Jessica closely misses you.
You riposte.
You barely miss Jessica.
Jessica is heavily wounded.
Jessica gestures at you while chanting. Pain shoots through your body!
You die...

..#### #......)...
......#######..........
...........#..........
..........#..........
.........# ...###...
..%.....# ## #.##.#
.......# ##..#.#
##.####......#####...#.#
......@@.....##...####.#
......).†....#....######
........######..†..#....
#######......#.....#....
#......###..##....
#........#†##.....
#.......[..†......
#.................
#.................


You could see Jessica.

Vanquished Creatures
  An orc priest (D:3)
  5 adders
  3 worms
  3 dart slugs (D:2)
  3 leopard geckos
  2 orcs (D:3)
  3 giant cockroaches
  3 hobgoblins
  A ball python (D:1)
  6 bats
  3 frilled lizards
  14 goblins
  9 kobolds
  21 rats
77 creatures vanquished.

Notes
Turn   | Place    | Note
-------+----------+-------------------------------------------
     0 | D:1      | kae the Formicid Fighter began the quest for the Orb.
     0 | D:1      | Reached XP level 1. HP: 18/18 MP: 1/1
   140 | D:1      | Reached XP level 2. HP: 14/24 MP: 2/2
   667 | D:1      | Reached XP level 3. HP: 26/29 MP: 3/3
  1357 | D:2      | Reached XP level 4. HP: 37/37 MP: 4/4
  1452 | D:2      | Found a blossoming altar of Fedhas.
  1454 | D:2      | Found an ancient bone altar of Kikubaaqudgha.
  1815 | D:3      | Reached XP level 5. HP: 42/42 MP: 5/5
  1853 | D:3      | Noticed a balrug
  1854 | D:3      | Found a burning altar of Makhleb.
  1857 | D:3      | Found a glowing silver altar of Zin.
  1857 | D:3      | Noticed an angel
  1948 | D:3      | Found a stormy altar of Qazlal.
  1951 | D:3      | Noticed an air elemental
  1951 | D:3      | Noticed a water elemental
  1951 | D:3      | Noticed a fire elemental
  2206 | D:3      | Noticed Jessica
  2219 | D:3      | Killed from afar by Jessica

Vault maps used:
D:1:      ncdulo_wetmaze
D:2:      grunt_temple_overflow_growth_and_decay, first_bread
D:3:      grunt_temple_overflow_order_and_chaos_2,
          nicolae_qazlal_style_of_elements, minmay_rat_hole, uniq_jessica

Skill      XL: |  1  2  3  4  5 |
---------------+----------------+-----
Long Blades    | 3 4 |  4.1
Shields        | 4 |  4.6
Fighting       | 4 |  4.4
Armour         | |  3.2

Action                   |  1- 3 |  4- 6 || total
-------------------------+-------+-------++-------
Melee: Long sword        |   113 |   140 ||   253
 Abil: Dig               |       |     2 ||     2
  Eat: Chunk             |     1 |     4 ||     5
Armor: Scale mail        |    50 |    54 ||   104
Dodge: Dodged            |    23 |    46 ||    69
Block: Shield            |    65 |    67 ||   132
       Rpst.: Long sword |     9 |    14 ||    23
